 Dungeon Crawl Stone Soup version 0.19-a0-805-g0a78ef0 (webtiles) character file.

16 4thArraOfDagon the Scratcher (level 2, 0/14 HPs)
             Began as a Felid Fighter on June 27, 2016.
             Slain by Crazy Yiuf
             ... wielding a +2 quarterstaff of chaos
              (9 damage)
             ... on level 2 of the Dungeon.
             The game lasted 00:01:32 (366 turns).

4thArraOfDagon the Scratcher (Felid Fighter)         Turns: 366, Time: 00:01:34

Health: 0/14       AC:  1    Str: 17    XL:     2   Next: 41%
Magic:  3/3        EV: 19    Int:  9    God:
Gold:   61         SH:  0    Dex: 15    Spells: 0 memorised, 1 level left
                                        Lives:  0   Deaths: 0

rFire  . . .     SeeInvis +       - Unarmed
rCold  . . .     Gourm    .     (armour unavailable)
rNeg   . . .     Faith    .     (shield unavailable)
rPois  .         Spirit   .     (helmet unavailable)
rElec  .         Dismiss  .     (cloak unavailable)
rCorr  .         Reflect  .     (gloves unavailable)
SustAt .         Harm     .     (boots unavailable)
MR     .....                    (no amulet)
Stlth  ++........               (no ring)
                                d - ring of loudness (curse)

@: mighty, quick, not resistant to hostile enchantments, unstealthy
A: no armour, no weapons or thrown items, claws 1, fangs 3, see invisible,
carnivore 3, speed 1, shaggy fur 1, slow metabolism 1, sharp paws
a: no special abilities


You were on level 2 of the Dungeon.
You were not hungry.

You visited 1 branch of the dungeon, and saw 2 of its levels.

You collected 61 gold pieces.

Inventory:

Jewellery
 d - a cursed ring of loudness (left paw)
Scrolls
 c - a scroll of noise {unknown}
 f - a scroll of identify {unknown}
 i - a scroll of blinking {unknown}
 j - a scroll of remove curse {unknown}
 k - a scroll of immolation {unknown}
Potions
 a - a potion of might
 e - a potion of agility {unknown}
 g - a potion of cancellation {unknown}
 h - a potion of curing {unknown}
Comestibles
 b - 3 meat rations


   Skills:
 - Level 3.0 Fighting
 + Level 4.1 Dodging
 * Level 2.0 Stealth
 * Level 4.2 Unarmed Combat


You had one spell level left.
You didn't know any spells.

Dungeon Overview and Level Annotations

Branches:
Dungeon (2/15)

Altars:

Annotations:
D:2 Crazy Yiuf


Innate Abilities, Weirdness & Mutations

You cannot wear armour.
You are incapable of wielding weapons or throwing items.
You have sharp claws.
You have razor-sharp teeth.
You have supernaturally acute eyesight. (SInv)
You are carnivorous and can eat meat at any time.
You cover ground quickly.
You are covered in fur. (AC +1)
You have a slow metabolism.
Your sharp claws are effective at attacking unaware monsters.


Message History

You open the door.
Crazy Yiuf the Enlightened comes into view.
He is wielding a quarterstaff of chaos.
Found a mace.
Crazy Yiuf shouts!
There is an open door here.
Unknown command.
Crazy Yiuf says, "Defame sing-song light!"
You feel very mighty all of a sudden.
Crazy Yiuf twirls on the spot.
You barely miss Crazy Yiuf. Crazy Yiuf misses you.
Unknown command.
You scratch Crazy Yiuf but do no damage.
Unknown command.
You barely miss Crazy Yiuf. Crazy Yiuf misses you.
Unknown command.
You claw Crazy Yiuf! You bite Crazy Yiuf!
Crazy Yiuf is almost dead.
Crazy Yiuf hits you with a quarterstaff of chaos!
Ouch! That really hurt!
You die...

######.# #......#
#......# # +......# #.
#.....## #.. #.....#
#########
#.>####.....#
#........
#..........###........
#.#.........@........
#.......###g...###
#....)..# #....#
#.......# ♣P.P.♣
#.......# ♣.PP♣♣
#.......# ♣♣.♣♣
#.......# ♣.♣♣
#.......# ♣♣.♣
#.......# ♣.♣♣


You could see Crazy Yiuf.

Vanquished Creatures
  A dart slug (D:1)
  A giant gecko (D:2)
  A bat (D:1)
  2 goblins
  4 jackals (D:1)
  3 kobolds (D:1)
12 creatures vanquished.

Notes
Turn   | Place    | Note
--------------------------------------------------------------
     0 | D:1      | 4thArraOfDagon the Felid Fighter began the quest for the Orb.
     0 | D:1      | Reached XP level 1. HP: 10/10 MP: 2/2
    75 | D:1      | Reached skill level 1 in Stealth
   105 | D:1      | Reached XP level 2. HP: 7/14 MP: 3/3
   344 | D:2      | Found a runed door.
   348 | D:2      | Noticed Crazy Yiuf
   366 | D:2      | Slain by Crazy Yiuf

Vault maps used:
D:1:      wheals_arrival_shading, kennysheep_flooded_box
D:2:      ecumenical_altar_2, uniq_robin, uniq_crazy_yiuf_cottage

Skill      XL: |  1  2 |
---------------+-------+-----
Stealth        | 1 2 |  2.0
Fighting       | |  3.0
Dodging        | |  4.1
Unarmed Combat | |  4.2

Action                   || total
-------------------------++-------
Melee: Unarmed           ||    41
       Bite              ||     7
  Use: Potion            ||     1
 Stab: Distracted        ||     1
Armor: Skin              ||     1
Dodge: Dodged            ||    40
